 Dungeon Crawl Stone Soup version 0.30.1-4-g462c640d31 (webtiles) character file.

Game seed: 15429968855502727528

251 Kranky the Gusty (level 5, -5/45 HPs)
             Began as a Draconian Wanderer on Aug 24, 2023.
             Killed by divine providence
             ... invoked by an orc priest
              (12 damage)
             ... on level 4 of the Dungeon.
             The game lasted 00:08:17 (3266 turns).

Kranky the Gusty (Draconian Wanderer)               Turns: 3266, Time: 00:08:18

Health: -5/45      AC:  7    Str: 16    XL:     5   Next: 88%
Magic:  6/9        EV: 11    Int: 14    God:
Gold:   274        SH:  0    Dex:  9    Spells: 8/9 levels left

rFire   . . .        y - +2 dagger (elec)
rCold   . . .        d - orb {*channel}
rNeg    . . .        (body armour unavailable)
rPois   .            (helmet restricted)
rElec   .            (no cloak)
rCorr   .            v - +1 pair of gloves
SInv    .            (no boots)
Will    .....        (no amulet)
Stlth   +            (no ring)
HPRegen 0.27/turn    (no ring)
MPRegen 0.11/turn

%: channel magic (20%)
@: no status effects
A: AC +5, unfitting armour, cold-blooded
a: no special abilities


You were on level 4 of the Dungeon.
You visited 1 branch of the dungeon, and saw 4 of its levels.

You collected 274 gold pieces.

Inventory:

Hand Weapons
 a - a +0 club
 h - a +2 dagger of speed
 y - a +2 dagger of electrocution (weapon)
 A - a +0 spear of venom
Armour
 d - an orb of energy (worn)
 v - a +1 pair of gloves (worn)
Jewellery
 i - a ring of protection from cold
 j - a +6 ring of dexterity
 u - an amulet of regeneration
Wands
 q - a wand of mindburst (18)
Scrolls
 c - a scroll of fog
 e - a scroll of butterflies {unknown}
 f - a scroll of enchant weapon {unknown}
 g - 3 scrolls of noise {unknown}
 k - 2 scrolls of poison {unknown}
 l - a scroll of immolation {unknown}
 m - a scroll of amnesia {unknown}
 n - a scroll of teleportation {unknown}
 r - 7 scrolls of identify {unknown}
 s - a scroll of brand weapon {unknown}
 x - a scroll of magic mapping {unknown}
Potions
 b - 2 potions of berserk rage
 o - a potion of flight {unknown}
 p - 3 potions of curing {unknown}
 t - a potion of heal wounds {unknown}
 w - a potion of invisibility {unknown}
 z - a potion of magic {unknown}


   Skills:
 + Level 3.1 Fighting
 + Level 2.3 Short Blades
 + Level 0.0 Dodging
 + Level 2.7 Spellcasting
 - Level 5.1 Air Magic
 - Level 2.2 Earth Magic
 + Level 2.8 Evocations


You had 8 spell levels left.
You knew the following spells:

 Your Spells              Type           Power      Damage    Failure   Level
a - Shock                 Conj/Air       36%        1d5       21%         1

Your spell library contained the following spells:

 Spells                   Type           Power      Damage    Failure   Level
 Sandblast                Erth           16%        2d6       22%         1
 Static Discharge         Conj/Air       18%        2-3/arc   28%         2
 Apportation              Tloc           2%         N/A       43%         1
 Beastly Appendage        Tmut           2%         N/A       43%         1
 Necrotise                Necr           4%         1d4       43%         1
 Summon Small Mammal      Summ           4%         N/A       43%         1
 Wereblood                Tmut           1%         N/A       54%         2
 Stone Arrow              Conj/Erth      10%        3d7       61%         3
 Spider Form              Tmut/Pois      1%         N/A       75%         3
 Summon Lightning Spire   Summ/Air       9%         N/A       78%         4


Dungeon Overview and Level Annotations

Branches:
Dungeon (4/15)
 Temple: D:4-7

Altars:
Kikubaaqudgha

Shops:
D:3 :[


Innate Abilities, Weirdness & Mutations

Your plain brown scales are hard. (AC +5)
You cannot fit into any form of body armour.
You are cold-blooded and may be slowed by cold attacks.


Message History

The orc is heavily wounded.
The orc hits you with a +0 hand axe. The orc barely misses you.
Casting: Shock (safe; 21% risk of failure)
Confirm with . or Enter, or press ? or * to list all spells.
Aiming: Shock (safe; 21% risk of failure)
Press: ? - help, Shift-Dir - straight line The zap hits the orc.
You kill the orc!
The zap misses the orc priest.
The zap misses the orc.
The orc priest calls down the wrath of Beogh upon you.
Pain shoots through your body!
* * * LOW HITPOINT WARNING * * *
The orc hits you with a +0 short sword.
* * * LOW HITPOINT WARNING * * *
Casting: Shock (safe; 21% risk of failure)
Confirm with . or Enter, or press ? or * to list all spells.
Aiming: Shock (safe; 21% risk of failure)
Press: ? - help, Shift-Dir - straight line The zap hits the orc priest.
The orc priest is heavily wounded.
The zap hits the orc.
The orc is almost dead.
The orc hits you with a +0 short sword.
* * * LOW HITPOINT WARNING * * *
You hit the orc priest.
The orc priest is heavily wounded.
The orc priest barely misses you. The orc hits you but does no damage.
You barely miss the orc priest.
The orc priest is heavily wounded.
You hit the orc priest.
The orc priest is severely wounded.
The orc hits you but does no damage.
The orc priest calls upon Beogh to heal the orc.
The orc's wounds heal themselves!
You barely miss the orc priest.
The orc priest is severely wounded.
The orc hits you but does no damage.
The orc priest invokes the aid of Beogh against you.
Beogh smites you!
You die...

###########
..........#
..######..# ## ...#
#..#######.## ..##
#...........#
.#######...######.##
##
#.......#####...##
.#
#.###........)...#
## #.#####.#@o..#
..# # #.# #.##o#.#
#.# .# #. #.# o# #
#.##.###. #.# .#
#......# #.# .#
#......# ..# ..
.......# ### .#
.......# .# .......#


You could see an orc priest and 2 orcs.

Vanquished Creatures
  2 vampire bats (D:3)
  A hound (D:4)
  An iguana (D:4)
  3 gnolls (D:4)
  3 worms
  2 dart slugs
  2 orcs
  5 ball pythons
  4 bats
  3 bat skeletons (D:3)
  2 bat zombies (D:3)
  4 endoplasms
  4 giant cockroaches
  2 goblins
  4 hobgoblins
  3 jackals (D:2)
  9 kobolds
  8 quokkas
  4 frilled lizards
  A rat (D:2)
67 creatures vanquished.

Notes
Turn   | Place    | Note
-------+----------+-------------------------------------------
     0 | D:1      | Kranky the Draconian Wanderer began the quest for the Orb.
     0 | D:1      | Kranky set off with the following items: a +0 club, a
                  | potion of berserk rage, a scroll of fog; and the following
                  | spells available to memorise: Shock, Sandblast, Static
                  | Discharge, Stone Arrow, Summon Lightning Spire.
     0 | D:1      | Reached XP level 1. HP: 16/16 MP: 2/2
     2 | D:1      | Learned a level 1 spell: Shock
   325 | D:1      | Reached XP level 2. HP: 21/23 MP: 0/3
   661 | D:1      | Found a faded altar of an unknown god.
  1238 | D:1      | Reached XP level 3. HP: 22/29 MP: 5/5
  1741 | D:2      | Reached skill level 1 in Short Blades
  1851 | D:3      | Found Sacviapo's Antique Armour Shop.
  2219 | D:3      | Found Wofud's Book Shoppe.
  2396 | D:3      | Reached XP level 4. HP: 36/36 MP: 1/6
  2643 | D:3      | Found an ancient bone altar of Kikubaaqudgha.
  2687 | D:3      | Reached XP level 5. HP: 32/42 MP: 4/8
  3266 | D:4      | Killed from afar by an orc priest

Illustrated notes

Levels and vault maps discovered:
D:1:      psy_arrival_wood_between_worlds, layout_basic,
          shapermc_ecumenical_altar_pompeii, patterned_corridor
D:2:      layout_rooms, minmay_surrounded
D:3:      layout_rooms, kennysheep_vampire_church, serial_shops, shop,
          nicolae_shop_advertising_works [nicolae_subvault_shop_adworks]
D:4:      layout_loops_ring

Skill      XL: |  1  2  3  4  5 |
---------------+----------------+-----
Fighting       | 2 3 |  3.1
Short Blades   | 1 2 |  2.3
Spellcasting   | 2 |  2.7
Evocations     | 2 |  2.8
Air Magic      | |  5.1
Earth Magic    | |  2.2

Action                     |  1- 3 |  4- 6 || total
---------------------------+-------+-------++-------
  Melee: Club              |    16 |       ||    16
         Tailslap          |    24 |    15 ||    39
         Dagger            |   164 |   144 ||   308
   Cast: Shock             |    30 |     8 ||    38
 Armour: Skin              |    47 |    94 ||   141
  Dodge: Dodged            |    92 |    97 ||   189
